 Dungeon Crawl Stone Soup version 0.29-a0-393-g47a863cc1b (webtiles) character file.

Game seed: 14192675072588566492

2431 loir the Thaumaturge (level 9, -30/68 HPs)
             Began as a Djinni Fire Elementalist on May 10, 2022.
             Was a Follower of Makhleb.
             Annihilated by a two-headed ogre
             ... wielding a +0 giant club
              (37 damage)
             ... on level 7 of the Dungeon.
             The game lasted 00:41:51 (8215 turns).

loir the Thaumaturge (Djinni Fire Elementalist)     Turns: 8215, Time: 00:41:52

Health: -30/68     AC:  3    Str:  7    XL:     9   Next: 77%
Gold:   510        EV: 12    Int: 21    God:    Makhleb [*.....] SH:  9 Dex: 14

rFire   + + .      SeeInvis +   u - +0 dagger (vamp)
rCold   x . .      Faith    .   m - +1 buckler
rNeg    . . .      Spirit   .   a - +0 robe
rPois   ∞          Reflect  +   (no helmet)
rElec   .          Harm     .   l - scarf {repulsion}
rCorr   .          Rampage  .   J - +0 pair of gloves
Will    .....                   (boots unavailable)
Stlth   ++........              c - amulet of reflection
HPRegen 0.21/turn               F - ring of see invisible
MPRegen 0.00/turn               H - ring of wizardry

@: flying, repel missiles
A: sickness immunity, fire resistance 2, cold vulnerability 1, float, innate
caster, HP casting, extra vitality 1
a: Renounce Religion


You were on level 7 of the Dungeon.
You worshipped Makhleb.
Makhleb was aware of your devotion.
You visited 2 branches of the dungeon, and saw 9 of its levels.

You collected 510 gold pieces.

Inventory:

Hand Weapons
 h - a +1 rapier of speed
 u - a +0 vampiric dagger (weapon)
 z - a +3 quarterstaff of chaos
 C - a +2 dagger of electrocution
 D - a +0 dagger of draining
Missiles
 b - 233 stones
 s - 5 poisoned darts
Armour
 a - a +0 robe (worn)
 l - a scarf of repulsion (worn)
 m - a +1 buckler (worn)
 A - a +0 cloak
 J - a +0 pair of gloves (worn)
Magical Staves
 j - a staff of cold
 k - a staff of conjuration
Jewellery
 c - an amulet of reflection (around neck)
 x - a ring of positive energy
 E - a +6 ring of strength
 F - a ring of see invisible (left hand)
 H - a ring of wizardry (right hand)
Wands
 v - a wand of paralysis (8)
 w - a wand of digging (3)
 G - a wand of flame (15)
Scrolls
 e - 4 scrolls of teleportation
 g - 3 scrolls of enchant weapon
 y - 3 scrolls of amnesia
 B - a scroll of silence
Potions
 d - 2 potions of attraction
 f - 5 potions of curing
 i - a potion of magic {unknown}
 n - 3 potions of cancellation
 o - 3 potions of heal wounds
 p - a potion of brilliance {unknown}
 q - a potion of haste {unknown}
 r - a potion of mutation {unknown}
 t - a potion of berserk rage {unknown}
 I - a potion of might {unknown}
 K - a potion of lignification {unknown}


   Skills:
 + Level 7.1 Fighting
 - Level 2.1 Dodging
 - Level 1.5 Stealth
 * Level 8.2 Spellcasting


You had 2 spell levels left.
You knew the following spells:

 Your Spells              Type           Power      Damage    Failure   Level
a - Foxfire               Conj/Fire      100%       2x1d9     1%          1
b - Scorch                Fire           86%        2d9       1%          2
c - Conjure Flame         Conj/Fire      43%        6-21      1%          3
d - Inner Flame           Hex/Fire       43%        N/A       1%          3
e - Flame Wave            Conj/Fire      43%        2d9       1%          4
f - Beastly Appendage     Tmut           86%        N/A       1%          1
g - Corpse Rot            Necr/Air       86%        N/A       1%          2
h - Gell's Gravitas       Tloc           43%        N/A       1%          3
i - Vampiric Draining     Necr           43%        2d9       1%          3
Your spell library was empty.

Dungeon Overview and Level Annotations

Branches:
Dungeon (8/15)             Temple (1/1) D:4
   Lair: D:8-11

Altars:
Dithmenos
Makhleb
Nemelex Xobeh
Uskayaw
Xom

Shops:
D:6 (


Innate Abilities, Weirdness & Mutations

You are immune to sickness and miasma.
You are immune to poison.
Your flesh is very heat resistant. (rF++)
You are vulnerable to cold. (rC-)
You float through the air rather than walking.
You learn spells naturally, not from books.
Your magical power is your life essence.
You have superior vitality. (+4 MHP)


Message History

The two-headed ogre shouts in stereo!
The howler monkey howls!
Found 13 stones and a twisted iron wand.
Found an escape hatch in the ceiling.
Found a stone staircase leading up.
There is a stone staircase leading up here.
Casting: Foxfire (safe; 1% risk of failure)
Confirm with . or Enter, or press ? or * to list all spells.
Aiming: Gell's Gravitas (safe; 1% risk of failure)
Press: ? - help, Dir - move target Gravity reorients around empty space.
The howler monkey hoots and howls with incredible vigour!
You hear a loud, deep croak!
You hear an angry buzzing noise.
You hear an angry hiss.
Casting: Gell's Gravitas (safe; 1% risk of failure)
Confirm with . or Enter, or press ? or * to list all spells.
Flames lash the two-headed ogre.
The two-headed ogre is lightly wounded.
The two-headed ogre's fire resistance burns away.
The two-headed ogre hits you with a +0 giant club!!
The two-headed ogre hits you with a +0 giant spiked club!
You fly upwards.
There is a stone staircase leading down here.
Casting: Scorch (safe; 1% risk of failure)
Confirm with . or Enter, or press ? or * to list all spells.
Flames lash the two-headed ogre.
The two-headed ogre is burned terribly!
The two-headed ogre is lightly wounded.
Casting: Scorch (safe; 1% risk of failure)
Confirm with . or Enter, or press ? or * to list all spells.
Flames lash the two-headed ogre.
The two-headed ogre is burned terribly!
The two-headed ogre is moderately wounded.
The two-headed ogre hits you with a +0 giant club!
* * * LOW HITPOINT WARNING * * *
You block the two-headed ogre's attack.
Casting: Scorch (safe; 1% risk of failure)
Confirm with . or Enter, or press ? or * to list all spells.
Flames lash the two-headed ogre.
The two-headed ogre is burned terribly!
The two-headed ogre is heavily wounded.
* * * LOW HITPOINT WARNING * * *
The two-headed ogre hits you with a +0 giant club!!!
Ouch! That really hurt!
You die...

...........#....#.....#..........
...........#....#.....#..........
...........#....#.....#..........
.....#####'##...#.....#..........
#....##....##...#.....'..........
#...............#.....#....##....
#..........######.....#....##....
#..........#.....O....#..........
#....##....#....@.....#..........
#>...#######..........#..........
'..........#..........#..........
#..........#..........#..........
#..........#..........#..........
############..........#...#######
.................############..##
.................#..............#
.................#.........>....#


You could see a two-headed ogre (combustible).

Vanquished Creatures
  A steam dragon (D:7)
  2 water moccasins
  An ice beast (D:4)
  2 black bears
  A sky beast (D:6)
  An ogre (D:6)
  A bullfrog (D:7)
  3 scorpions
  A gnoll sergeant (D:5)
  6 killer bees (D:7)
  3 howler monkeys (D:7)
  3 hounds
  A jelly (D:7)
  3 orc priests
  Crazy Yiuf (D:5)
  Ijyb (D:5)
  4 iguanas
  9 orc wizards
  7 adders
  9 gnolls
  A white imp (D:6)
  2 worms
  6 dart slugs
  23 orcs
  4 ball pythons
  9 endoplasms
  A giant cockroach (D:1)
  5 hobgoblins
  6 jackals
  9 kobolds
  3 quokkas (D:3)
  11 bats
  4 frilled lizards
  6 goblins
  6 rats
156 creatures vanquished.

Vanquished Creatures (collateral kills)
  A phantom (D:7)
1 creature vanquished.

Vanquished Creatures (others)
  512 foxfires
512 creatures vanquished.

Grand Total: 669 creatures vanquished

Notes
Turn   | Place    | Note
-------+----------+-------------------------------------------
     0 | D:1      | loir the Djinni Fire Elementalist began the quest for the
                  | Orb.
     0 | D:1      | Reached XP level 1. HP: 15/15 MP: 0/0
   210 | D:1      | Reached XP level 2. HP: 14/22 MP: 0/0
   632 | D:1      | Reached skill level 1 in Fighting
   765 | D:1      | Reached XP level 3. HP: 26/27 MP: 0/0
   765 | D:1      | Learned a level 1 spell: Beastly Appendage
   829 | D:1      | Reached skill level 3 in Spellcasting
   943 | D:2      | Found a shimmering altar of Xom.
  1154 | D:2      | Reached XP level 4. HP: 30/32 MP: 0/0
  1707 | D:2      | Reached XP level 5. HP: 29/38 MP: 0/0
  1707 | D:2      | Learned a level 2 spell: Corpse Rot
  2281 | D:3      | Reached skill level 4 in Spellcasting
  2342 | D:3      | Reached XP level 6. HP: 43/45 MP: 0/0
  3494 | D:4      | Reached XP level 7. HP: 29/50 MP: 0/0
  3494 | D:4      | Learned a level 3 spell: Gell's Gravitas
  4374 | D:4      | Reached skill level 5 in Spellcasting
  4778 | D:4      | Found a staircase to the Ecumenical Temple.
  4784 | Temple   | Entered the Ecumenical Temple
  4813 | Temple   | Became a worshipper of Makhleb the Destroyer
  4986 | D:5      | Entered Level 5 of the Dungeon
  5006 | D:5      | Noticed Ijyb
  5017 | D:5      | Killed Ijyb
  5220 | D:5      | Found a runed translucent door.
  5221 | D:5      | Noticed Crazy Yiuf
  5229 | D:5      | Killed Crazy Yiuf
  5327 | D:5      | Reached XP level 8. HP: 55/58 MP: 0/0
  5796 | D:5      | Reached skill level 6 in Spellcasting
  5953 | D:5      | Reached skill level 5 in Fighting
  6507 | D:6      | Reached * piety under Makhleb
  6662 | D:6      | Reached skill level 7 in Spellcasting
  6662 | D:6      | Reached XP level 9. HP: 64/66 MP: 0/0
  6662 | D:6      | Learned a level 3 spell: Vampiric Draining
  6825 | D:6      | Found Simyto's Weapon Emporium.
  7638 | D:7      | Reached skill level 8 in Spellcasting
  8208 | D:8      | Noticed a two-headed ogre
  8215 | D:7      | Annihilated by a two-headed ogre

Illustrated notes

Levels and vault maps discovered:
D:1:      nicolae_arrival_washed_ashore, layout_rooms
D:2:      layout_loops_ring, basic_altar
D:3:      layout_basic, grunt_decor_resistance, minmay_misc_feat_ornament,
          nicolae_figureground_sparkle
D:4:      layout_cave_pods, minmay_temple_entry_fiery
D:5:      layout_rooms, uniq_crazy_yiuf_cottage, uniq_ijyb
D:6:      layout_basic, serial_shops, kennysheep_mini_moat
D:7:      layout_gridville
D:8:      layout_cave_pools, elyvilon_altar_3, due_lair_maze_entry_diamond
Temple:   mainiacjoe_temple_hex_bubbles

Skill      XL: |  1  2  3  4  5  6  7  8  9 |
---------------+----------------------------+-----
Fighting       | 1 2 3 4 5 7 |  7.1
Spellcasting   | 3 4 5 7 8 |  8.2
Dodging        | |  2.1
Stealth        | |  1.5

Action                   |  1- 3 |  4- 6 |  7- 9 || total
-------------------------+-------+-------+-------++-------
 Cast: Foxfire           |    47 |    94 |   150 ||   291
       Scorch            |     1 |    18 |    64 ||    83
       Conjure Flame     |       |     1 |     5 ||     6
       Corpse Rot        |       |     1 |       ||     1
       Gell's Gravitas   |       |       |     5 ||     5
       Inner Flame       |       |       |     3 ||     3
       Vampiric Draining |       |       |     2 ||     2
  Use: Scroll            |     2 |     3 |     9 ||    14
Armor: Robe              |     3 |     1 |     6 ||    10
Dodge: Dodged            |     3 |     4 |    25 ||    32
       Repelled          |       |     1 |       ||     1
Block: Other             |       |     1 |       ||     1
       Buckler           |       |     1 |    22 ||    23
       Reflection        |       |       |     1 ||     1

Table legend: (Time is in decaauts)
 A = Elapsed time spent in this place.
 B = Non-inter-level travel time spent in this place.
 C = Inter-level travel time spent in this place.
 D = Time resting spent in this place.
 E = Time spent auto-exploring this place.
 F = Levels seen in this place.
 G = Mean time per level.
                   A        B        C        D        E       F      G
               +--------+--------+--------+--------+--------+-----+--------+
         Total |   8210 |   7902 |    308 |   1560 |   5397 |   9 |  912.2 |
       Dungeon |   8157 |   7875 |    282 |   1560 |   5373 |   8 | 1019.6 |
        Temple |     52 |     26 |     26 |      0 |     24 |   1 |   52.0 |
               +--------+--------+--------+--------+--------+-----+--------+

Top non-repeatable levels by time:
     D:4: 1507 daAuts
     D:5: 1368 daAuts
     D:2: 1307 daAuts
     D:3: 1202 daAuts
     D:7: 1202 daAuts
     D:1: 914 daAuts
     D:6: 650 daAuts
  Temple: 52 daAuts
     D:8: 3 daAuts
